 Dungeon Crawl Stone Soup version 0.30-a0-122-g2a1322497e (webtiles) character file.

Game seed: 9964801541440942258

361 MirrMurr the Shooter (level 6, -8/30 HPs)
             Began as a Spriggan Hunter on Sept 15, 2022.
             Was a Follower of Okawaru.
             Mangled by Prince Ribbit (17 damage)
             ... on level 5 of the Dungeon.
             The game lasted 00:08:24 (3454 turns).

MirrMurr the Shooter (Spriggan Hunter)              Turns: 3454, Time: 00:08:25

Health: -8/30      AC:  4    Str:  7    XL:     6   Next: 38%
Magic:  7/7        EV: 20    Int: 11    God:    Okawaru [*.....]
Gold:   191        SH:  0    Dex: 20    Spells: 5/5 levels left

rFire   + . .      SeeInvis +    a - +0 shortbow
rCold   + . .      Faith    .    (shield currently unavailable)
rNeg    . . .      Spirit   .    c - +0 robe
rPois   .          Reflect  .    i - +2 hat
rElec   .          Harm     .    y - scarf {rC+ rF+}
rCorr   .          Rampage  .    (gloves unavailable)
Will    +....                    (boots unavailable)
Stlth   +++.......               (no amulet)
HPRegen 0.10/turn                (no ring)
MPRegen 0.10/turn                (no ring)

@: very quick
A: very small, no large weapons, unfitting armour, see invisible, speed 3
a: Renounce Religion, Heroism


You were on level 5 of the Dungeon.
You worshipped Okawaru.
Okawaru was aware of your devotion.
You visited 2 branches of the dungeon, and saw 6 of its levels.

You collected 191 gold pieces.

Inventory:

Hand Weapons
 a - a +0 shortbow (weapon)
 b - a +3 dagger
Missiles
 h - 52 stones
 j - 2 datura-tipped darts
 q - a boomerang
Armour
 c - a +0 robe (worn)
 i - a +2 hat (worn)
 y - a scarf of resistance (worn)
Jewellery
 x - a +4 ring of protection
Wands
 t - a wand of roots (9)
Scrolls
 g - 2 scrolls of poison
 l - a scroll of torment {unknown}
 n - a scroll of teleportation
 o - a scroll of immolation
 p - a scroll of acquirement {unknown}
 r - 2 scrolls of magic mapping
 u - a scroll of vulnerability {unknown}
 w - a scroll of enchant armour
Potions
 d - 2 potions of berserk rage
 e - 2 potions of attraction {unknown}
 f - 2 potions of haste
 k - a potion of heal wounds {unknown}
 m - a potion of cancellation {unknown}
 s - 2 potions of mutation
 z - a potion of degeneration {unknown}
 A - a potion of ambrosia {unknown}
 B - a potion of might {unknown}


   Skills:
 - Level 1.5 Fighting
 * Level 6.2 Ranged Weapons
 + Level 5.0 Dodging
 + Level 5.2 Stealth


You had 5 spell levels left.
You didn't know any spells.
Your spell library contained the following spells:

 Spells                   Type           Power      Damage    Failure   Level
 Cigotuvi's Dreadful Rot  Necr/Pois/Air  0%         N/A       47%         2


Dungeon Overview and Level Annotations

Branches:
Dungeon (5/15)             Temple (1/1) D:5

Altars:
Cheibriados
Dithmenos
Elyvilon
Gozag
Hepliaklqana
Kikubaaqudgha
Makhleb
Nemelex Xobeh
Okawaru
Ru
Sif Muna
Vehumet
Wu Jian
Xom
Yredelemnul
Zin
The Shining One

Annotations:
D:5 2 transporters, Prince Ribbit; fly's ghost, weakling DgDe


Innate Abilities, Weirdness & Mutations

You are very small and have problems with some larger weapons.
You are too small for most types of armour.
You have supernaturally acute eyesight. (SInv)
You cover ground extremely quickly. (Speed+++)


Message History

The arrow hits Prince Ribbit but does no damage.
Prince Ribbit is lightly wounded.
Prince Ribbit completely misses you. x2
Prince Ribbit croaks regally.
You shoot an arrow. The arrow closely misses Prince Ribbit.
Prince Ribbit misses you.
You shoot an arrow. The arrow barely misses Prince Ribbit.
Prince Ribbit misses you.
You shoot an arrow. The arrow barely misses Prince Ribbit.
Prince Ribbit hits you but does no damage.
Prince Ribbit closely misses you.
You shoot an arrow. The arrow hits Prince Ribbit!
Prince Ribbit is heavily wounded.
Prince Ribbit hits you.
Prince Ribbit blinks!
No target in view!
No target in view!
Prince Ribbit is nearby!
You shoot an arrow. The arrow barely misses Prince Ribbit.
You shoot an arrow. The arrow hits Prince Ribbit!
Prince Ribbit is severely wounded.
Prince Ribbit barely misses you. Prince Ribbit misses you.
Prince Ribbit blinks!
No target in view!
No target in view!
No target in view!
Prince Ribbit is nearby!
You shoot an arrow. The arrow hits Prince Ribbit!
Prince Ribbit is almost dead.
Prince Ribbit hits you! x2
* * * LOW HITPOINT WARNING * * *
You are too injured to fight recklessly!
You are too injured to fight recklessly!
Fire: a) +0 shortbow
Press: ? - help, Q - select action, (/) - cycle Shift-Dir - straight line, f/p - Prince Ribbit
Aim: Prince Ribbit (almost dead, 46% to hit)
You shoot an arrow. The arrow hits Prince Ribbit.
Prince Ribbit is almost dead.
Prince Ribbit hits you!
Ouch! That really hurt!
You die...

..###.###.....#
#.#.....#.....####
..#.....#.†.......
#............##########.
..#...>.#....##.........
..#.....#....##.........
..###.###....##.........
#.)...)....####.........
.#...#..).......@#
#.#.#.#.####.###F#
.#.#.#.##......#.#
#.#.#.#.#.##.#.#.##
........# ##............
........#+#.....#.#.#.#.
######................
.Z#...........#.# #.#
.ZZ#............$. .


You could see Prince Ribbit.

Vanquished Creatures
  An ogre (D:4)
  A scorpion (D:5)
  Jessica (D:2)
  An orc wizard (D:5)
  5 adders
  An ufetubus (D:4)
  3 worms
  2 dart slugs (D:1)
  6 orcs
  9 bats
  4 endoplasms
  4 giant cockroaches
  9 goblins
  5 hobgoblins
  6 jackals
  4 quokkas (D:2)
  10 ball pythons
  10 frilled lizards
  7 kobolds
  5 rats
94 creatures vanquished.

Notes
Turn   | Place    | Note
-------+----------+-------------------------------------------
     0 | D:1      | MirrMurr the Spriggan Hunter began the quest for the Orb.
     0 | D:1      | Reached XP level 1. HP: 10/10 MP: 2/2
    73 | D:1      | Reached XP level 2. HP: 14/14 MP: 3/3
   433 | D:1      | Reached XP level 3. HP: 18/18 MP: 4/4
   677 | D:1      | Found a faded altar of an unknown god.
  1375 | D:2      | Reached XP level 4. HP: 22/22 MP: 5/5
  1624 | D:2      | Noticed Jessica
  1644 | D:2      | Killed Jessica
  1645 | D:2      | Reached skill level 5 in Ranged Weapons
  1783 | D:2      | Got Jessica's Anthology of Iniquitous Secrets
  2094 | D:3      | Identified the +0 leather armour of the Jabberwock {Will+
                  | Dex+4}
  2810 | D:5      | Entered Level 5 of the Dungeon
  2841 | D:5      | Found a transporter.
  2853 | D:5      | Noticed fly's ghost (weakling DgDe)
  2982 | D:5      | Found a staircase to the Ecumenical Temple.
  2987 | D:5      | Noticed an ogre
  2991 | Temple   | Entered the Ecumenical Temple
  2991 | Temple   | Found a transporter.
  2991 | Temple   | Found a transporter.
  2993 | Temple   | Found a transporter.
  2993 | Temple   | Found a transporter.
  3022 | Temple   | Became a worshipper of Warmaster Okawaru
  3088 | D:4      | Killed an ogre
  3089 | D:4      | Reached XP level 5. HP: 25/25 MP: 6/6
  3302 | D:5      | Found a transporter.
  3329 | D:5      | Reached XP level 6. HP: 28/30 MP: 7/7
  3337 | D:5      | Reached * piety under Okawaru
  3338 | D:5      | Reached skill level 6 in Ranged Weapons
  3338 | D:5      | Reached skill level 5 in Stealth
  3423 | D:5      | Reached skill level 5 in Dodging
  3429 | D:5      | Noticed Prince Ribbit
  3454 | D:5      | Mangled by Prince Ribbit

Illustrated notes

Levels and vault maps discovered:
D:1:      lemuel_arrival_muddy, layout_basic,
          shapermc_ecumenical_altar_totnotflames, st_stairs_7,
          minmay_lizard_pond
D:2:      layout_basic, serial_co_window_serial, co_window_corner_a,
          co_window_paths_a, co_window_paths_b, co_window_corner_a,
          co_window_cross_1, co_window_paths_b, co_window_2corner,
          co_window_of_opportunity_b, co_window_broadway_b,
          co_window_of_opportunity_c, co_window_paths_d, glass_columns_b,
          glass_columns_b, glass_columns_a, grunt_ministairs_8,
          kennysheep_nondescript, kennysheep_jessica_study
D:3:      layout_loops_ring
D:4:      layout_loops_ring, kennysheep_cluttered_room
D:5:      layout_basic, minmay_temple_entry_arrows, gammafunk_ghost_mausoleum,
          minmay_misc_feat_pillars, st_stairs_3,
          minmay_fractal_squares_gapless_5, uniq_prince_ribbit1
Temple:   hellmonk_temple_divided_pantheon

Skill      XL: |  1  2  3  4  5  6 |
---------------+-------------------+-----
Stealth        | 2 3 4 5 |  5.2
Dodging        | 3 4 5 |  5.0
Ranged Weapons | 5 6 |  6.2
Fighting       | |  1.5

Action                   |  1- 3 |  4- 6 || total
-------------------------+-------+-------++-------
 Fire: Shortbow          |   134 |   137 ||   271
  Use: Scroll            |       |    11 ||    11
Armor: Robe              |     6 |     4 ||    10
Dodge: Dodged            |    74 |    51 ||   125

Table legend: (Time is in decaauts)
 A = Elapsed time spent in this place.
 B = Non-inter-level travel time spent in this place.
 C = Inter-level travel time spent in this place.
 D = Time resting spent in this place.
 E = Time spent auto-exploring this place.
 F = Levels seen in this place.
 G = Mean time per level.
                   A        B        C        D        E       F      G
               +--------+--------+--------+--------+--------+-----+--------+
         Total |   2476 |   2301 |    175 |      0 |   1664 |   6 |  412.7 |
       Dungeon |   2445 |   2274 |    171 |      0 |   1660 |   5 |  489.0 |
        Temple |     30 |     26 |      4 |      0 |      3 |   1 |   30.0 |
               +--------+--------+--------+--------+--------+-----+--------+

Top non-repeatable levels by time:
     D:2: 790 daAuts
     D:1: 748 daAuts
     D:3: 401 daAuts
     D:4: 284 daAuts
     D:5: 221 daAuts
  Temple: 30 daAuts
